AoeStats
← davidi

Arena

504831491Analyzed
2v2 RM · 27d ago on Sep 6, 2026· 52m 50s· 4 players
Game mode
Random Map
Map size
Medium (4 player)
Population
200
Speed
Normal
Resources
Standard
Victory
Conquest
Starting age
Dark Age
Ending age
Imperial Age
RankedLock teamsTeams togetherTeam positionsShared explorationLock speedFull tech treeHidden civsTurbo modeCheats
Victory
Defeat
🇹🇷 Malians · Türkiye
1235
+17
🇹🇷 Wei · Türkiye
1211
+17
🇸🇰 Turks · Slovakia
1252
-17
🇸🇰 Poles · Slovakia
1252
-17
specialforce670
10:57 Feudal Age
14:46 Castle Age
14:06 Double-Bit Axe
15:06 Loom
15:35 Horse Collar
24:57 Scale Mail Armor
25:07 Forging
26:54 Wheelbarrow
26:38 Gold Mining
29:12 Town Watch
30:19 Hand Cart
32:32 Iron Casting
32:12 Chain Mail Armor
32:15 Heavy Plow
32:52 Gold Shaft Mining
33:21 Bow Saw
33:03 Stone Mining
36:34 Imperial Age
35:30 Fervor
35:19 Fletching
35:30 Padded Archer Armor
35:39 Scale Barding Armor
36:33 Stone Shaft Mining
37:19 Elite Skirmisher
37:55 Bodkin Arrow
39:10 Conscription
41:59 Hoardings
43:23 Crop Rotation
43:53 Elite Gbeto
45:03 Caravan
46:23 Coinage
45:48 Heavy Camel Rider
47:23 Bloodlines
47:14 Husbandry
47:45 Farimba
49:25 Chain Barding Armor
49:35 Plate Mail Armor
51:06 Chemistry
50:17 Fortified Wall
50:27 Ballistics
50:20 Fortified Wall
50:05 Murder Holes
50:22 Masonry
52:51 Banking
52:32 Guilds
OptimusPrime
11:15 Feudal Age
11:47 Horse Collar
12:08 Double-Bit Axe
16:39 Castle Age
15:05 Loom
15:16 Gold Mining
16:41 Bloodlines
17:54 Wheelbarrow
18:25 Husbandry
19:16 Scale Barding Armor
20:06 Forging
22:36 Chain Barding Armor
25:04 Gold Shaft Mining
25:59 Hand Cart
26:46 Iron Casting
34:18 Imperial Age
33:52 Bow Saw
33:43 Fletching
33:53 Padded Archer Armor
33:58 Elite Skirmisher
36:38 Blast Furnace
35:54 Leather Archer Armor
36:14 Heavy Hei Guang Cavalry
41:06 Bodkin Arrow
41:41 Ring Archer Armor
45:43 Town Watch
46:18 Stone Mining
47:50 Chemistry
51:07 Light Cavalry
52:14 Ballistics
davidi
11:17 Feudal Age
15:09 Castle Age
12:59 Horse Collar
13:07 Double-Bit Axe
15:37 Bloodlines
16:01 Heavy Plow
16:59 Bow Saw
18:58 Light Cavalry
28:19 Loom
32:21 Wheelbarrow
31:49 Gold Mining
32:35 Husbandry
32:51 Szlachta Privileges
36:50 Scale Barding Armor
38:35 Forging
40:28 Chain Barding Armor
41:34 Iron Casting
47:19 Imperial Age
46:16 Hand Cart
45:47 Town Watch
49:01 Blast Furnace
51:06 Fletching
fortunes
13:15 Feudal Age
17:19 Castle Age
21:43 Imperial Age
19:14 Double-Bit Axe
19:55 Horse Collar
23:00 Bow Saw
35:28 Gold Mining
45:51 Town Watch
Connection lost

Rejoining the realm…

Still unreachable

The connection could not be restored.

Session expired

The server has moved on; the page needs a fresh start.